Map: Acropolis LE

Players

DisK

  • Race: Protoss Protoss
  • Spawn Location: 11:00

SKillous - Winner!

  • Race: Protoss Protoss
  • Spawn Location: 5:00

VOD

Have the link to the VOD?

Description

Time

  • Played on: Sept. 6, 2019, 9:11 p.m.
  • Length: 8:57
Show
View Real Time Build Order
Export as new Build Order

DisK Protoss 

Build Orders:  

Get SALT Encoding   

  12  0:00  Probe  
  13  0:12  Probe  
  14  0:17  Pylon  
  14  0:24  Probe  
  15  0:33  Probe  
  15  0:35  Gateway  
  15  0:41  Probe  
  16  0:47  Assimilator  
  17  0:51  Probe  
  17  0:55  Assimilator  
  18  1:00  Probe  
  19  1:08  Probe  
  19  1:10  Gateway  
  19  1:17  Probe  
  21  1:25  Cybernetics Core  
  21  1:30  Probe  
  22  1:37  Pylon  
  22  1:42  Probe  
  23  2:02  Stargate  
  23  2:04  Adept x2  
  27  2:10  Warp Gate  
  27  2:15  Pylon  
  27  2:19  Probe  
  31  2:57  Nexus  
  28  2:58  Robotics Facility  
  28  2:59  Pylon  
  28  3:07  Stalker  
  29  3:14  Stalker  
  31  3:29  Probe  
  32  3:39  Pylon  
  32  3:53  Immortal  
  32  3:57  Probe  
  33  4:06  Stalker  
  39  4:10  Pylon, Probe  
  36  4:23  Pylon  
  35  4:31  Immortal  
  28  4:37  Probe  
  25  4:45  Probe  
  29  4:53  Pylon, Probe  
  30  5:01  Warp Prism  
  30  5:05  Probe  
  33  5:18  Probe  
  33  5:19  Gateway  
  34  5:30  Probe  
  31  5:42  Probe  
  28  5:44  Robotics Bay  
  28  5:45  Observer  
  28  5:47  Sentry  
  28  5:48  Stalker  
  33  5:54  Probe  
  34  6:10  Probe  
  35  6:13  Stalker x2  
  39  6:30  Disruptor  
  42  6:48  Adept x2  
  42  6:52  Pylon  
  46  7:17  Disruptor  
  49  7:33  Probe  
  49  7:36  Nexus  
  50  7:45  Probe  
  50  7:50  Stalker x2  
  51  8:20  Probe  
  52  8:33  Stalker  
  54  8:36  Pylon  
Show
View Real Time Build Order
Export as new Build Order

SKillous Protoss - Winner!

Build Orders:  

Get SALT Encoding   

  12  0:00  Probe  
  13  0:12  Probe  
  14  0:17  Pylon  
  14  0:24  Probe  
  15  0:32  Probe  
  15  0:37  Gateway  
  15  0:40  Probe  
  16  0:46  Assimilator  
  17  0:51  Probe  
  17  0:54  Assimilator  
  18  0:59  Probe  
  19  1:07  Probe  
  19  1:09  Gateway  
  19  1:17  Probe  
  20  1:24  Cybernetics Core  
  21  1:29  Probe  
  22  1:33  Pylon  
  22  1:41  Probe  
  23  1:51  Warp Gate  
  23  1:53  Probe  
  24  2:01  Stalker x2  
  28  2:21  Robotics Facility  
  28  2:25  Pylon  
  28  2:31  Stalker  
  30  2:42  Gateway  
  30  2:43  Stalker  
  32  3:00  Shield Battery  
  32  3:01  Stalker  
  34  3:08  Warp Prism, Pylon  
  36  3:28  Shield Battery  
  36  3:39  Stalker x2  
  40  3:44  Stalker  
  40  3:46  Observer  
  43  3:56  Shield Battery  
  43  4:02  Adept  
  44  4:03  Probe  
  43  4:15  Probe  
  42  4:23  Adept x2  
  46  4:27  Probe  
  46  4:31  Pylon  
  45  4:32  Immortal  
  45  4:56  Sentry x3  
  51  5:12  Nexus  
  52  5:28  Pylon  
  51  5:33  Pylon  
  47  5:36  Warp Prism  
  47  5:46  Probe  
  47  5:48  Sentry  
  52  5:52  Sentry  
  54  5:58  Probe  
  55  6:07  Stargate  
  55  6:10  Probe  
  56  6:16  Immortal  
  56  6:22  Probe  
  62  6:45  Adept x3  
  71  7:07  Stalker  
  73  7:09  Stalker  
  73  7:11  Probe x2  
  73  7:15  Phoenix  
  72  7:23  Probe x2  
  73  7:32  Phoenix  
  73  7:35  Probe  
  73  7:36  Pylon, Probe  
  75  7:37  Assimilator  
  77  7:48  Probe  
  77  7:51  Pylon  
  78  7:54  Probe  
  78  7:57  Phoenix  
  81  8:00  Probe  
  82  8:06  Probe, Adept  
  82  8:09  Adept  
  82  8:12  Probe  
  88  8:18  Probe, Phoenix  
  89  8:24  Probe  
  92  8:30  Probe  
  91  8:36  Probe  
  91  8:38  Pylon  
  91  8:41  Pylon  
  92  8:43  Pylon, Probe  
Tags
 
Matchup
PvP
Spawn Locations
Cross Positions
Add a new tag
Caveats
  • Supply blocks, unpowered buildings, or Contaminate may cause inaccurate times.
  • Supply counts are checked every 10 seconds.